AoeStats
← ßonera

Black Forest

509462450Analyzed
4v4 RM · 4d ago on Sep 26, 2026· 44m 29s· 8 players
Game mode
Random Map
Map size
Large (8 player)
Population
200
Speed
Normal
Resources
Standard
Victory
Conquest
Starting age
Dark Age
Ending age
Imperial Age
RankedLock teamsTeams togetherTeam positionsShared explorationLock speedFull tech treeHidden civsTurbo modeCheats
Victory
Defeat
🇨🇳 Khmer · China
900
+13
🇲🇽 Bohemians · Mexico
860
+14
🇦🇺 Wu · Australia
840
+15
🇦🇷 Tatars · Argentina
775
+19
🇹🇷 Mongols · Türkiye
889
-18
🇭🇺 Franks · Hungary
836
-16
🇩🇰 Britons · Denmark
800
-14
🇳🇱 Danes · Netherlands
773
-13
ßonera
12:34 Feudal Age
13:18 Double-Bit Axe
16:36 Loom
20:55 Castle Age
20:33 Forging
21:11 Scale Barding Armor
21:45 Gold Mining
21:50 Stone Mining
23:02 Bow Saw
27:08 Iron Casting
27:14 Husbandry
31:49 Fletching
32:00 Padded Archer Armor
primeyy1997
1:30 Loom
13:00 Feudal Age
15:45 Double-Bit Axe
15:58 Horse Collar
18:27 Stone Mining
18:29 Gold Mining
22:29 Scale Mail Armor
25:58 Castle Age
24:24 Forging
25:22 Man-at-Arms
32:51 Bow Saw
34:20 Wheelbarrow
38:09 Chain Mail Armor
38:30 Iron Casting
38:48 Gold Shaft Mining
38:55 Stone Shaft Mining
39:28 Hand Cart
40:52 Scale Barding Armor
41:50 Husbandry
42:15 Chain Barding Armor
42:21 Hamask
43:24 Bloodlines
M1chael Scott
13:12 Feudal Age
14:04 Double-Bit Axe
14:05 Horse Collar
16:16 Loom
19:26 Castle Age
21:00 Wheelbarrow
22:56 Bow Saw
23:20 Crossbowman
24:04 Fletching
24:16 Padded Archer Armor
25:29 Gold Mining
25:47 Heavy Plow
29:08 Hand Cart
31:57 Ballistics
33:10 Bodkin Arrow
33:31 Leather Archer Armor
35:12 Scale Barding Armor
35:20 Forging
34:43 Light Cavalry
35:26 Husbandry
37:12 Elite Skirmisher
Garp
9:50 Feudal Age
18:26 Castle Age
17:37 Stone Mining
17:30 Horse Collar
17:40 Double-Bit Axe
20:23 Gold Mining
20:36 Heavy Plow
21:50 Stone Shaft Mining
21:54 Gold Shaft Mining
27:03 Wheelbarrow
27:14 Bow Saw
28:07 Padded Archer Armor
27:57 Fletching
32:25 Imperial Age
30:13 Hand Cart
31:57 Bodkin Arrow
32:09 Scale Barding Armor
32:15 Forging
32:06 Scale Mail Armor
33:16 Caravan
33:46 Coinage
35:57 Chain Barding Armor
35:53 Chain Mail Armor
36:13 Iron Casting
35:46 Elite Mangudai
36:07 Pikeman
36:49 Squires
36:13 Onager
37:57 Bloodlines
37:08 Light Cavalry
37:52 Husbandry
39:28 Hussar
41:13 Siege Onager
42:41 Drill
42:43 Conscription
Ahtkel
0:44 Loom
15:47 Feudal Age
20:24 Castle Age
18:32 Double-Bit Axe
alee__juliann
13:42 Feudal Age
14:26 Double-Bit Axe
17:32 Horse Collar
26:02 Castle Age
24:14 Stone Mining
24:21 Gold Mining
24:56 Stone Mining
24:58 Fletching
25:08 Padded Archer Armor
25:47 Bloodlines
26:03 Crossbowman
27:17 Bodkin Arrow
27:12 Loom
28:04 Wheelbarrow
27:15 Town Watch
31:23 Husbandry
31:40 Leather Archer Armor
32:10 Fervor
34:05 Scale Barding Armor
34:10 Forging
34:44 Heavy Plow
34:56 Bow Saw
39:10 Imperial Age
36:53 Squires
38:01 Chain Barding Armor
38:16 Iron Casting
37:57 Masonry
38:47 Hand Cart
39:01 Scale Mail Armor
39:24 Ballistics
38:45 Treadmill Crane
39:02 Murder Holes
40:00 Gold Shaft Mining
39:59 Bracer
40:31 Ring Archer Armor
41:04 Chemistry
40:04 Murder Holes
39:50 Treadmill Crane
42:01 Plate Barding Armor
42:27 Blast Furnace
41:36 Siege Engineers
42:10 Crop Rotation
41:35 Elite Steppe Lancer
42:45 Town Patrol
43:30 Conscription
43:27 Timurid Siegecraft
43:57 Silk Armor
swannie
0:37 Loom
11:46 Feudal Age
12:10 Horse Collar
12:16 Double-Bit Axe
20:34 Castle Age
21:31 Heavy Plow
21:28 Stone Mining
24:11 Gold Mining
25:37 Forging
26:27 Scale Mail Armor
27:15 Iron Casting
26:41 Pikeman
30:12 Chain Mail Armor
31:19 Arson
38:55 Bow Saw
38:34 Elite Skirmisher
40:49 Squires
43:08 Padded Archer Armor
43:01 Fletching
猪头
2:45 Loom
12:24 Feudal Age
15:25 Castle Age
13:19 Double-Bit Axe
13:15 Horse Collar
16:34 Bow Saw
16:25 Heavy Plow
23:06 Wheelbarrow
22:45 Stone Mining
23:00 Gold Mining
24:04 Stone Shaft Mining
29:45 Imperial Age
27:04 Town Watch
29:37 Fletching
30:50 Conscription
31:13 Bloodlines
31:04 Husbandry
32:02 Ballistics
32:50 Scale Barding Armor
32:24 Elite Ballista Elephant
34:33 Siege Engineers
35:33 Chemistry
35:50 Chain Barding Armor
35:26 Bodkin Arrow
35:56 Murder Holes
36:52 Masonry
37:07 Double Crossbow
38:32 Hoardings
38:17 Hand Cart
38:20 Light Cavalry
39:50 Plate Barding Armor
39:16 Bracer
39:29 Forging
40:26 Crop Rotation
40:32 Gold Shaft Mining
39:59 Padded Archer Armor
39:58 Capped Ram
41:34 Architecture
41:15 Fortified Wall
42:12 Iron Casting
41:00 Hussar
42:11 Siege Ram
45:22 Blast Furnace
Connection lost

Rejoining the realm…

Still unreachable

The connection could not be restored.

Session expired

The server has moved on; the page needs a fresh start.